Map: 瀑布

Players

NEET

  • Race: Zerg Zerg
  • League: Diamond
  • Spawn Location: 7:00

IIIIIII - Winner!

  • Race: Protoss Protoss
  • League: Diamond
  • Spawn Location: 1:00

VOD

Have the link to the VOD?

Description

Time

  • Played on: Oct. 29, 2022, 8:21 p.m.
  • Length: 10:43
Show
View Real Time Build Order
Export as new Build Order

NEET Zerg 

Build Orders: 3 Hatch before Pool 

Get SALT Encoding   

  12  0:00  Drone  
  13  0:12  Overlord  
  13  0:17  Drone  
  14  0:30  Drone x2  
  16  0:36  Drone  
  17  0:53  Drone  
  17  0:56  Drone  
  19  1:08  Drone  
  19  1:09  Hatchery  
  19  1:18  Drone  
  20  1:42  Hatchery  
  20  1:44  Drone x2  
  21  1:48  Extractor  
  20  1:54  Spawning Pool  
  20  1:55  Drone  
  20  2:14  Overlord  
  20  2:18  Drone  
  21  2:23  Drone x2  
  23  2:38  Drone x2  
  23  2:41  Queen x2  
  29  2:48  Metabolic Boost  
  29  2:51  Zergling x4  
  29  2:55  Queen  
  29  2:57  Overlord  
  33  3:00  Zergling x2  
  33  3:02  Drone  
  35  3:07  Drone x3  
  38  3:21  Zergling x2  
  38  3:27  Drone, Overlord, Extractor  
  39  3:31  Queen  
  41  3:39  Drone x4  
  46  3:44  Overlord  
  46  3:50  Drone x2  
  46  3:51  Drone x2  
  48  3:56  Evolution Chamber  
  47  4:04  Spore Crawler  
  47  4:05  Spore Crawler  
  47  4:07  Spore Crawler  
  44  4:14  Drone x2  
  44  4:15  Drone x2  
  44  4:16  Evolution Chamber  
  47  4:18  Drone x2  
  47  4:19  Drone x3  
  47  4:20  Drone  
  53  4:29  Queen  
  55  4:33  Drone x4  
  59  4:44  Zerg Melee Weapons Level 1  
  59  4:45  Drone x3  
  61  4:46  Drone  
  61  4:47  Overlord x3  
  63  5:02  Overlord x2  
  63  5:05  Overlord x2  
  62  5:12  Lair  
  62  5:15  Drone, Overlord x2  
  62  5:17  Zergling x10  
  62  5:18  Spore Crawler, Zergling x2  
  68  5:22  Queen  
  68  5:25  Drone x2  
  72  5:29  Drone x2, Extractor  
  72  5:30  Drone x3, Extractor  
  72  5:33  Drone x2  
  77  5:37  Drone  
  78  5:45  Drone x2  
  78  5:46  Drone, Extractor  
  78  5:47  Drone x3, Baneling Nest  
  82  5:53  Drone  
  83  5:59  Drone  
  83  6:03  Hatchery, Drone x3, Extractor  
  85  6:04  Drone, Extractor  
  85  6:05  Drone x2, Overlord  
  87  6:22  Zergling x6  
  87  6:23  Zergling x6  
  91  6:33  Spire, Overlord x2  
  91  6:34  Overseer  
  91  6:38  Zergling x6  
  91  6:39  Zergling x10  
  97  6:48  Drone x2  
  97  6:49  Drone x4  
  103  6:55  Centrifugal Hooks, Zerg Melee Weapons Level 2  
  102  7:11  Baneling x6  
  102  7:12  Baneling x2  
  102  7:18  Zergling x14  
  102  7:19  Zergling x16  
  117  7:25  Zergling x2  
  117  7:26  Extractor  
  117  7:27  Queen  
  117  7:33  Queen  
  98  7:54  Zergling x2  
  98  7:55  Zergling x30  
  110  7:59  Queen x2  
  110  8:03  Queen  
  108  8:05  Mutalisk x2  
  108  8:06  Mutalisk x5  
  108  8:12  Zergling x8  
  121  8:18  Baneling x5  
  121  8:19  Baneling  
  116  8:23  Mutalisk x6  
  127  8:35  Queen, Zergling x6  
  127  8:36  Zergling x8  
  107  8:57  Mutalisk x4  
  107  8:58  Mutalisk x2  
  110  9:09  Drone x4  
  107  9:10  Drone x6  
  107  9:14  Zergling x4  
  94  9:35  Drone  
  94  9:36  Drone x5  
  93  9:47  Zergling x6  
  96  9:58  Hatchery  
  96  9:59  Mutalisk  
  95  10:00  Mutalisk  
  95  10:01  Zergling x4  
  95  10:02  Zergling x2  
  95  10:03  Hatchery  
  71  10:28  Drone x7  
Show
View Real Time Build Order
Export as new Build Order

IIIIIII Protoss - Winner!

Build Orders: Double Forge, Nexus First 

Get SALT Encoding   

  12  0:00  Probe (Chrono Boost)  
  13  0:10  Probe (Chrono Boost)  
  14  0:15  Probe (Chrono Boost)  
  15  0:23  Pylon  
  15  0:51  Nexus  
  15  1:06  Gateway  
  15  1:18  Probe (Chrono Boost)  
  15  1:22  Assimilator x2  
  16  1:30  Probe (Chrono Boost)  
  17  1:45  Probe  
  18  1:56  Gateway  
  18  1:59  Cybernetics Core  
  19  2:03  Probe (Chrono Boost)  
  19  2:05  Probe (Chrono Boost)  
  20  2:13  Probe (Chrono Boost)  
  22  2:16  Probe (Chrono Boost)  
  22  2:17  Pylon  
  22  2:18  Probe (Chrono Boost)  
  23  2:25  Probe  
  24  2:33  Adept (Chrono Boost)  
  24  2:34  Probe  
  27  2:38  Probe  
  30  2:46  Probe  
  30  2:47  Adept (Chrono Boost)  
  30  2:48  Warp Gate  
  31  2:55  Adept  
  33  3:02  Stargate  
  33  3:04  Probe  
  34  3:07  Probe  
  35  4:02  Probe (Chrono Boost)  
  32  4:06  Void Ray (Chrono Boost)  
  32  4:08  Pylon, Probe (Chrono Boost)  
  37  4:12  Forge  
  37  4:14  Probe (Chrono Boost)  
  37  4:16  Forge  
  39  4:19  Probe (Chrono Boost)  
  39  4:22  Probe (Chrono Boost)  
  39  4:23  Twilight Council  
  40  4:27  Probe (Chrono Boost)  
  42  4:31  Probe (Chrono Boost)  
  42  4:32  Probe (Chrono Boost)  
  43  4:40  Protoss Ground Weapons Level 1 (Chrono Boost), Probe  
  43  4:42  Probe  
  45  4:52  Protoss Ground Armor Level 1 (Chrono Boost), Probe  
  46  4:53  Zealot  
  46  4:54  Zealot, Probe  
  51  5:04  Probe  
  51  5:12  Pylon  
  51  5:15  Nexus  
  51  5:16  Probe  
  52  5:25  Charge, Probe  
  53  5:28  Probe  
  54  5:37  Probe  
  54  5:38  Gateway x2  
  54  5:39  Gateway  
  54  5:40  Probe  
  56  5:44  Gateway  
  56  5:45  Gateway  
  56  5:46  Pylon  
  56  5:49  Probe  
  57  5:51  Gateway  
  57  5:52  Gateway  
  57  5:54  Gateway  
  57  5:56  Gateway x2  
  57  6:02  Probe  
  58  6:05  Probe  
  58  6:10  Shield Battery  
  59  6:17  Probe  
  58  6:21  Zealot x2  
  59  6:28  Probe  
  59  6:30  Probe x2  
  59  6:32  Robotics Facility  
  60  6:34  Protoss Ground Weapons Level 2 (Chrono Boost)  
  60  6:40  Probe  
  60  6:42  Probe x2  
  60  6:44  Protoss Ground Armor Level 2 (Chrono Boost)  
  63  6:52  Probe  
  63  6:54  Zealot x5, Probe x2  
  67  6:55  Zealot  
  78  7:04  Zealot x3, Probe  
  84  7:14  Pylon  
  84  7:15  Pylon  
  84  7:16  Pylon  
  84  7:32  Warp Prism (Chrono Boost)  
  84  7:33  Zealot x3  
  84  7:34  Zealot x6  
  84  7:36  Zealot  
  84  7:52  Probe  
  84  7:54  Probe  
  86  8:03  Warp Prism (Chrono Boost)  
  80  8:09  Zealot  
  80  8:10  Zealot x7  
  80  8:11  Zealot x4  
  91  8:20  Probe  
  91  8:21  Probe  
  91  8:23  Probe  
  91  8:32  Zealot  
  91  8:33  Zealot x4  
  101  8:35  Zealot  
  101  8:36  Nexus  
  101  8:37  Pylon  
  103  8:45  Zealot x3  
  103  8:46  Zealot  
  109  8:55  Zealot x5  
  105  8:56  Zealot  
  105  9:03  Templar Archives  
  105  9:06  Zealot x2  
  107  9:11  Zealot x3  
  97  9:26  Zealot x3  
  97  9:27  Zealot x3  
  97  9:28  Zealot  
  99  9:43  Zealot x3  
  99  9:44  Zealot x2  
  97  10:04  High Templar x6  
  97  10:05  High Templar  
  97  10:06  Zealot x2  
  111  10:07  Zealot x3  
  111  10:10  Archon  
  111  10:11  Archon x2  
  111  10:13  Probe  
  106  10:15  Assimilator  
  106  10:16  Assimilator  
  106  10:20  Assimilator x2  
  98  10:21  Photon Cannon  
  98  10:25  Shield Battery, Photon Cannon, Probe  
  98  10:27  High Templar  
  93  10:28  Zealot  
  93  10:29  Zealot  
  93  10:30  Zealot x2  
  93  10:31  Archon  
Tags
 
Add a new tag
Caveats
  • Supply blocks, unpowered buildings, or Contaminate may cause inaccurate times.
  • Supply counts are checked every 10 seconds.